woodfighter, neutral female human Healer ----------------------------------------------------- |......................)^..%*..............*........| |.----------|--.---...----------------------------..| |.|----- |.|--- |...|..........................|..| |.||...| ---.|.|---...|.............<...............| .. |.||...--|.....|..%.---...............(...[......|%%|. *[ |.||.....|-|-..|....|............................|..|.. # |.|----..|..|..---..------------------------------..|-. # |.| |..|.^|...(|...............e.. ...|... # |.| |..|..|-----..---------------- -..|.... # |.-----..---|.......|----------------------- |..|..... # |...........|----.--|............*.......^^| |..|....... # ------------|...|.| --------------------.|%-------..|.....|.. # -------------.{.|.|---------------------.|..........|.....|.... ## |...............|.-.%....................|-------------..-----... *# |.---------------.|---------------------.|.........%............... # |.................| |...........).........|........ ------------------- -------------------------------- woodfighter the Embalmer Experience level: 8 Strength: 14 Dexterity: 13 Constitution: 18 Intelligence: 9 Wisdom: 16 Charisma: 16 Health: 0(65) Energy: 69(69) Def: 8 Gold: 168 Moves: 9007 Dungeon seed: DSpxfc3Gj5bhrxt2 Game ID: woodfighter_1508615068 Your Inventory: Coins $ - 168 gold pieces Weapons a - a blessed +1 dwarvish spear (weapon in hand) Z - 54 +0 darts (in quiver) Armor e - an uncursed +1 pair of leather gloves (being worn) n - an uncursed +0 dwarvish cloak N - an uncursed +0 dwarvish cloak (being worn) V - an uncursed +0 leather armor (being worn) Comestibles j - 7 blessed eucalyptus leaves k - 3 blessed sprigs of wolfsbane l - 4 blessed cloves of garlic m - 4 uncursed apples o - 3 uncursed sprigs of wolfsbane p - 5 uncursed food rations P - an uncursed tripe ration Rings D - an uncursed ring of free action (on right hand) R - an uncursed ring of fire resistance (on left hand) Wands x - a wand of digging (0:7) I - a wand of enlightenment (0:8) K - a wand of make invisible (0:3) L - a blessed wand of cancellation (0:6) Q - a wand of speed monster (0:4) Tools b - an uncursed stethoscope q - a +0 unicorn horn r - a +0 pick-axe s - an uncursed bag of holding w - an uncursed magic whistle y - an uncursed skeleton key A - an uncursed oil lamp (lit) (0:546) B - an uncursed sack C - an uncursed pair of lenses (being worn) O - a blessed tallow candle (0:200) Gems Y - an uncursed luckstone Contents of the bag of holding: 171 gold pieces a [uncursed] [+0] dwarvish cloak a [uncursed] [+0] dwarvish cloak a [uncursed] [+0] dwarvish cloak a [uncursed] [+0] dwarvish cloak a [uncursed] scroll of blank paper a [cursed] scroll of confuse monster a [uncursed] scroll of identify a [uncursed] scroll of remove curse a [uncursed] scroll of stinking cloud a [blessed] spellbook of slow monster a [uncursed] potion of confusion a [uncursed] potion of extra healing a [uncursed] potion of gain ability a [cursed] potion of invisibility a [uncursed] potion of sleeping a [uncursed] wand of teleportation [0:5] a [blessed] tallow candle [0:200] a [uncursed] wax candle [0:400] Spells and supernatural/magical abilities: Name Level Category Fail Memory h - healing 1 healing 8% 55% x - extra healing 3 healing 28% 55% S - stone to flesh 3 healing 42% 55% W - pray for help -- divine ? -- Your skills at the end: Miscellaneous Skills wands [Basic] Weapon Skills knife [Basic] spear [Basic] Spellcasting Skills healing spells [Basic] Final Attributes: You were fervently aligned. You were fire resistant. You were cold resistant. You were poison resistant. Your writing hand was ok. You were telepathic. You had automatic searching. You were invisible. You were somewhat stealthy. You were protected. You were fast. You had free action. You were lucky. You had extra luck. Bad luck did not time out for you. Good luck did not time out for you. You are dead. Vanquished creatures: 2 giant mimics a quantum mechanic an ettin mummy 2 large dogs a leather golem 3 giant beetles 2 leprechauns 3 giant spiders 3 gnome kings 2 ogres a gold golem a werewolf a piranha a housecat a jaguar 4 dwarf lords a blue jelly a white unicorn 2 dust vortices a gnome mummy a Woodland-elf a snake 3 yellow lights 2 bugbears an imp a baby crocodile an orc shaman 2 rock piercers a pony a shrieker 18 gnome lords 3 gnomish wizards 2 gray oozes a straw golem a paper golem 3 jellyfish 4 floating eyes a kitten 20 dwarves a homunculus 2 kobold lords a rabid rat 2 centipedes a jitterbug 3 giant bats 2 dwarf zombies a wererat a werejackal 3 killer bees 5 coyotes 2 gas spores 7 hobbits 3 acid blobs 2 large kobolds 5 geckos 4 hobgoblins 5 giant rats 9 cave spiders 2 brown molds 3 yellow molds 3 green molds 2 red molds 58 gnomes 8 garter snakes 6 manes 4 gnome zombies 11 jackals 5 foxes 3 kobolds 7 newts 5 goblins 9 sewer rats 6 grid bugs a bat 7 lichens 4 kobold zombies 304 creatures vanquished. Voluntary challenges: You did not cause conflict. You did not have reflection. You were not displaced. You had been an atheist until turn 1999. You used a wielded weapon 518 times, starting on turn 84. You did not apply a unicorn horn. You did not use plumbed fixtures. You did not drink any magical draughts. You read items or engraved 6 times, starting on turn 2679. You never genocided any monsters. You never polymorphed an object. You changed form 1 time, starting on turn 7737. You cheated 3 times but completed Sokoban on turn 6642. You used no wishes. You never split a pudding. You never wrote Elbereth's name. You violated your moral code, losing 4 points of alignment, starting on turn 7813. Dungeon overview: The Dungeons of Doom: levels 1 to 7 Level 1 a fountain a long staircase Level 2 stairs to The Gnomish Mines Level 3 some fountains Level 4 some fountains Level 5 Level 6 many fountains Level 7 stairs to Sokoban The Gnomish Mines: levels 3 to 10 Level 3 stairs to The Dungeons of Doom Level 4 Level 5 many shops, a temple to Poseidon, a magic chest, some trees Level 6 Level 7 Level 8 Level 9 Level 10 <- You were here a magic chest, a fountain Sokoban: levels 3 to 6 Level 3 a magic chest Level 4 Level 5 Level 6 an altar to Athena, a magic chest stairs to The Dungeons of Doom History has recorded: On T:1 you entered the Dungeons of Doom to retrieve the Amulet of Yendor! On T:58 you reached level 2 of The Dungeons of Doom. On T:516 you reached level 1 of The Gnomish Mines. On T:541 you reached level 3 of The Dungeons of Doom. On T:813 you reached level 4 of The Dungeons of Doom. On T:829 you advanced to experience level 2. On T:1149 you reached level 5 of The Dungeons of Doom. On T:1314 you advanced to experience level 3. On T:1689 you advanced to experience level 4. On T:1742 you reached level 6 of The Dungeons of Doom. On T:1999 you prayed to Hermes. On T:2224 you reached level 7 of The Dungeons of Doom. On T:2419 you advanced to experience level 5. On T:2629 you reached level 4 of Sokoban. On T:2674 you opened a magic chest. On T:3150 you reached level 3 of Sokoban. On T:3506 you prayed to Hermes. On T:3656 you advanced to experience level 6. On T:4076 you reached level 2 of The Gnomish Mines. On T:4217 you reached level 3 of The Gnomish Mines. On T:4952 you advanced to experience level 7. On T:5020 you entered the Minetown temple On T:5722 you reached level 2 of Sokoban. On T:6018 you reached level 1 of Sokoban. On T:6642 you entered the Sokoban zoo. On T:7010 you reached level 4 of The Gnomish Mines. On T:7165 you advanced to experience level 8. On T:7261 you reached level 5 of The Gnomish Mines. On T:7583 you reached level 6 of The Gnomish Mines. On T:8038 you reached level 7 of The Gnomish Mines. On T:8246 you reached level 8 of The Gnomish Mines. On T:8246 you reached the bottom of the Mines. Score breakdown: Gold: 0 ( 0 points) Experience: 8 levels ( 700 points) Exploration: 10 levels ( 270 points) Discoveries: 38 items ( 1900 points) Variety of kills: 76 monsters ( 2000 points) Major goal: Sokoban/Mines ( 1500 points) Survival: died (score multiplied by 3) Total score: 19110 Latest messages: The gold golem is heavily damaged. You jab the gold golem! The gold golem is almost destroyed. The gold golem claws you! (2x) You destroy the gold golem! $ - 108 gold pieces. You jab the ettin mummy! The ettin mummy is moderately wounded. The ettin mummy bumps right into you! You miss the ettin mummy. The ettin mummy scratches you! (2x) You hear some noises in the distance. You jab the ettin mummy. The ettin mummy is moderately wounded. You jab the ettin mummy! The ettin mummy is heavily wounded. The ettin mummy misses. The ettin mummy scratches you! You destroy the ettin mummy! There are a few objects here. A floating eye blocks your way. You jab the floating eye! The floating eye is moderately wounded. As you meet its deep, meaningful gaze, you feel its suffering as though it were your own. You die... The sack is empty. The sack is empty. Final status: Goodbye woodfighter the Healer, killed by vicarious suffering... You died in The Gnomish Mines on dungeon level 10 with 19110 points, and 339 pieces of gold, after 9007 moves. You were level 8 with a maximum of 65 hit points when you died.